 Dungeon Crawl Stone Soup version 0.29-a0-356-g7bc237e783 (webtiles) character file.

Game seed: 11550052209514836011

6307 Doorstop00 the Protected (level 10, 0/91 HPs)
             Began as a Minotaur Berserker on Apr 26, 2022.
             Was a High Priest of Trog.
             Slain by a two-headed ogre
             ... wielding a +0 giant club
              (22 damage)
             ... on level 9 of the Dungeon.
             The game lasted 00:37:36 (11507 turns).

Doorstop00 the Protected (Minotaur Berserker)      Turns: 11507, Time: 00:37:36

Health: 0/91       AC: 15    Str: 21    XL:     10   Next: 63%
Magic:  9/9        EV:  9    Int:  4    God:    Trog [*****.]
Gold:   553        SH:  0    Dex: 15    Spells: 9/9 levels left

rFire   . . .      SeeInvis .   s - +3 war axe
rCold   . . .      Faith    .   (no shield)
rNeg    + . .      Spirit   .   t - +0 plate armour
rPois   .          Reflect  .   (helmet restricted)
rElec   .          Harm     .   (no cloak)
rCorr   .          Rampage  .   c - +0 pair of gloves
Will    +....                   (no boots)
Stlth   ..........              (no amulet)
HPRegen 0.25/turn               e - ring of willpower
MPRegen 0.11/turn               k - ring of positive energy

@: no status effects
A: horns 2, retaliatory headbutt
a: Renounce Religion, Berserk, Trog's Hand, Brothers in Arms


You were on level 9 of the Dungeon.
You worshipped Trog.
Trog was extremely pleased with you.
You visited 1 branch of the dungeon, and saw 9 of its levels.
You also visited: Sewer and Ossuary.

You collected 553 gold pieces.

Inventory:

Hand Weapons
 j - a +3 morningstar of protection
 s - a +3 war axe (weapon)
Armour
 c - a +0 pair of gloves (worn)
 o - a +1 chain mail
 t - a +0 plate armour (worn)
Jewellery
 e - a ring of willpower (left hand)
 k - a ring of positive energy (right hand)
Wands
 h - a wand of flame (58)
 r - a wand of iceblast (17) (quivered)
Scrolls
 i - 6 scrolls of teleportation
 m - a scroll of fear
 n - 2 scrolls of enchant weapon
 p - a scroll of identify
 u - 2 scrolls of magic mapping
 x - a scroll of enchant armour
Potions
 a - 4 potions of heal wounds
 b - 4 potions of curing
 d - a potion of ambrosia
 f - 2 potions of lignification
 g - 3 potions of haste
 q - 3 potions of might
 v - a potion of invisibility
 w - 2 potions of cancellation {unknown}
 z - a potion of resistance {unknown}


   Skills:
 * Level 9.0 Fighting
 * Level 9.6(11.3) Axes
 * Level 9.7(11.4) Maces & Flails
 * Level 10.0 Armour
 * Level 6.1 Dodging
 + Level 0.7 Stealth


You had 9 spell levels left.
You didn't know any spells.
Your spell library was empty.

Dungeon Overview and Level Annotations

Branches:
Dungeon (9/15)             Temple (0/1) D:5            Lair (0/6) D:9
  Sewer (visited)         Ossuary (visited)
    Orc: D:9-12

Altars:
Ashenzari
Fedhas
Hepliaklqana
Nemelex Xobeh
Qazlal
Uskayaw
Wu Jian


Innate Abilities, Weirdness & Mutations

You have a pair of horns on your head.
You reflexively headbutt those who attack you in melee.


Message History

You climb downwards.
The centaur warrior shoots an arrow.
The arrow closely misses you.
The centaur warrior shoots an arrow.
The arrow hits you.
There is a stone staircase leading up here.
The yak bellows!
The centaur warrior unwields a +0 shortbow.
The centaur warrior completely misses you.
The centaur warrior kicks you.
The centaur warrior attacks as you move away!
The centaur warrior hits you but does no damage.
The centaur warrior kicks you but does no damage.
The centaur warrior wields a +0 shortbow.
The centaur warrior shoots an arrow.
The arrow barely misses you.
There is a stone staircase leading up here.
The yak gores you but does no damage.
There is a stone staircase leading up here.
The yak gores you but does no damage.
You climb upwards.
There is a stone staircase leading down, spattered with blood here.
You slash the yak!
The yak is heavily wounded.
The yak gores you but does no damage.
You hit the yak.
The yak is heavily wounded.
The yak gores you.
You slash the yak!
The yak is severely wounded.
The yak gores you.
You slash the yak!
You kill the yak!
Trog accepts your kill.
You climb downwards.
The two-headed ogre hits you with a +0 giant club!!
The two-headed ogre hits you with a +0 giant spiked club!!
There is a stone staircase leading up, spattered with blood here.
The centaur warrior shoots an arrow.
The arrow hits you.
The two-headed ogre hits you with a +0 giant club!
* * * LOW HITPOINT WARNING * * *
The two-headed ogre hits you with a +0 giant spiked club!!
You die...

################
##...........#...## ..
..........#....# .
..........#.O..#
######......####@################
##..##...)..####.##......#....#..
.................................
..................c..............
##.###...##..###.##.##.####..###.
##.###...##..###.##.##+####..###.
........................#).......
........................#.....Y..
)................(......#.......c


You could see a centaur warrior and a two-headed ogre.

Vanquished Creatures
  A two-headed ogre (D:9)
  Maggie (D:9)
  A gargoyle (D:9)
  2 komodo dragons
  Grinder (D:3)
  2 wraiths (Ossuary)
  A wyvern (D:8)
  A yak (D:8)
  3 water moccasins
  Duvessa (D:7)
  2 ice beasts
  An orc warrior (D:8)
  2 sky beasts
  5 centaurs
  A kobold brigand (D:7)
  A gnoll sergeant (D:9)
  4 bullfrogs
  2 necrophages
  2 scorpions
  11 wights
  Dowan (D:7)
  8 killer bees
  An electric eel (D:8)
  2 orc priests
  5 hounds
  2 jellies
  Crazy Yiuf (D:7)
  2 gnoll shamans
  Ijyb (D:4)
  3 orc wizards
  3 iguanas
  A mummy (D:6)
  20 gnolls
  10 adders
  2 shadow imps (D:7)
  A white imp (D:8)
  An ufetubus (D:6)
  A worm (D:5)
  6 dart slugs
  28 orcs
  6 ball pythons
  5 bats
  13 endoplasms
  5 giant cockroaches (Sewer)
  6 goblins
  2 hobgoblins
  6 jackals
  10 quokkas
  4 ball python skeletons (Ossuary)
  11 frilled lizards
  3 hobgoblin zombies
  10 kobolds
  4 kobold zombies
  An orc skeleton (Ossuary)
  6 rats
236 creatures vanquished.

Vanquished Creatures (others)
  2 fungi (D:7)
  5 plants
7 creatures vanquished.

Grand Total: 243 creatures vanquished

Notes
Turn   | Place    | Note
-------+----------+-------------------------------------------
     0 | D:1      | Doorstop00 the Minotaur Berserker began the quest for the
                  | Orb.
     0 | D:1      | Reached XP level 1. HP: 19/19 MP: 0/0
   379 | D:1      | Reached XP level 2. HP: 27/27 MP: 1/1
   761 | D:1      | Reached XP level 3. HP: 33/33 MP: 2/2
   961 | D:2      | Found a broken altar of Ashenzari.
   974 | D:2      | Reached ** piety under Trog
  1210 | D:2      | Reached skill level 3 in Armour
  1550 | D:3      | Reached XP level 4. HP: 38/41 MP: 3/3
  1632 | D:3      | Reached skill level 5 in Axes
  1988 | D:3      | Noticed Grinder
  2012 | D:3      | Killed Grinder
  2013 | D:3      | Reached skill level 5 in Fighting
  2013 | D:3      | Reached skill level 4 in Armour
  2013 | D:3      | Reached XP level 5. HP: 29/48 MP: 4/4
  2013 | D:3      | Reached XP level 6. HP: 34/56 MP: 5/5
  3499 | D:4      | Noticed Ijyb
  3506 | D:4      | Reached skill level 1 in Maces & Flails
  3506 | D:4      | Reached skill level 5 in Armour
  3509 | D:4      | Killed Ijyb
  3774 | D:5      | Entered Level 5 of the Dungeon
  3792 | D:5      | Reached XP level 7. HP: 48/61 MP: 6/6
  3877 | D:5      | Found an ornate altar of the Wu Jian Council.
  4036 | D:5      | Found a glowing drain.
  4054 | Sewer    | Entered a sewer
  4061 | Sewer    | Reached *** piety under Trog
  4697 | D:5      | Found a staircase to the Ecumenical Temple.
  4818 | D:5      | Reached skill level 6 in Armour
  5375 | D:6      | Reached **** piety under Trog
  5402 | D:6      | Found a stormy altar of Qazlal.
  5407 | D:6      | Reached XP level 8. HP: 65/70 MP: 7/7
  5419 | D:6      | Reached skill level 5 in Maces & Flails
  5570 | D:6      | Found a sand-covered staircase.
  5699 | Ossuary  | Entered an ossuary
  5838 | Ossuary  | Noticed a flying skull
  5858 | Ossuary  | Noticed a flying skull
  5865 | Ossuary  | Noticed a flying skull
  5876 | Ossuary  | Noticed a flying skull
  5911 | Ossuary  | Noticed a flying skull
  6526 | D:6      | Reached skill level 7 in Armour
  6704 | D:6      | Reached XP level 9. HP: 59/79 MP: 8/8
  7248 | D:6      | Reached skill level 5 in Dodging
  7633 | D:6      | Found a hazy altar of Hepliaklqana.
  7713 | D:7      | Noticed Duvessa
  7714 | D:7      | Noticed Dowan
  7720 | D:7      | Killed Duvessa
  7731 | D:7      | Killed Dowan
  7954 | D:7      | Found a sparkling altar of Nemelex Xobeh.
  7991 | D:7      | Found a blossoming altar of Fedhas.
  8111 | D:7      | Reached ***** piety under Trog
  8249 | D:7      | Identified the +3 leather armour of Fiumuibb {rPois Int-2
                  | SInv Stlth+}
  8256 | D:7      | Reached skill level 8 in Armour
  8274 | D:7      | Found a broken altar of Ashenzari.
  8332 | D:7      | Saw a vision of the Swamp and the Snake Pit.
  8332 | D:7      | Noticed a mana viper
  8332 | D:7      | Noticed a mana viper
  8332 | D:7      | Noticed a black mamba
  8332 | D:7      | Noticed a guardian serpent
  8332 | D:7      | Noticed an alligator
  8334 | D:7      | Noticed a mana viper
  8335 | D:7      | Noticed an anaconda
  8545 | D:7      | Found a runed translucent door.
  8546 | D:7      | Noticed Crazy Yiuf
  8551 | D:7      | Killed Crazy Yiuf
  8769 | D:8      | Found a hide-covered altar of Uskayaw.
  9170 | D:8      | Noticed a komodo dragon
  9184 | D:8      | Killed a komodo dragon
  9254 | D:8      | Reached XP level 10. HP: 76/90 MP: 9/9
 10263 | D:9      | Reached skill level 9 in Armour
 10294 | D:9      | Noticed a two-headed ogre
 10301 | D:9      | Killed a two-headed ogre
 10596 | D:9      | Noticed Maggie
 10609 | D:9      | Killed Maggie
 10957 | D:9      | Noticed a gargoyle
 10965 | D:9      | Killed a gargoyle
 11026 | D:9      | Found a staircase to the Lair.
 11068 | D:9      | Noticed a two-headed ogre
 11068 | D:9      | Noticed a centaur warrior
 11089 | D:9      | HP: 4/91 [wyvern (4)]
 11091 | D:9      | HP: 1/91 [wyvern (3)]
 11103 | D:8      | Reached skill level 10 in Armour
 11507 | D:9      | Slain by a two-headed ogre

Illustrated notes

Levels and vault maps discovered:
D:1:      dpeg_arrival_long_road, layout_loops_ring
D:2:      layout_rooms, basic_altar
D:3:      layout_loops_ring, amethyst_killhole, minmay_misc_feat_pillars,
          feat_on_display, uniq_grinder
D:4:      layout_rooms, uniq_ijyb
D:5:      layout_loops_ring, nicolae_wu_jian_wuxing_cycle, temple_green,
          cheibrodos_sewer_entry_drain
D:6:      layout_basic, mainiacjoe_overflow_concentric_impassable,
          nicolae_overflow_hidden_temple, lightli_ossuary_entry_decrepit_ruins,
          minmay_mini_ossuary
D:7:      layout_basic, grunt_ashenzari_visionary
          [grunt_ashenzari_visionary_swamp, grunt_ashenzari_visionary_snake],
          fedhas_altar_4, nemelex_diamond_rough_becter, minmay_crystal_water,
          uniq_crazy_yiuf_cottage, uniq_duvessa
D:8:      layout_loops_corners, mainiacjoe_overflow_chevrons,
          grunt_decor_resistance, st_stairs_8, minmay_misc_feat_hallway,
          kennysheep_cluttered_room, minmay_circle_x
D:9:      layout_gridville, david_lair_shrubbed, lightli_fourway_metalbox,
          uniq_maggie, uniq_erolcha

Skill      XL: |  1  2  3  4  5  6  7  8  9 10 |
---------------+-------------------------------+-----
Fighting       | 4 5 6 7 8 9 |  9.0
Axes           | 4 5 7 9 |  9.6
Armour         | 3 4 5 6 7 8 10 | 10.0
Dodging        | 3 4 5 6 |  6.1
Maces & Flails | 2 4 8 9 |  9.7
Stealth        | |  0.7

Action                   |  1- 3 |  4- 6 |  7- 9 | 10-12 || total
-------------------------+-------+-------+-------+-------++-------
Melee: Hand axe          |    79 |    45 |       |       ||   124
       Punch             |     1 |     3 |     1 |     2 ||     7
       Headbutt          |     9 |    23 |    54 |    17 ||   103
       Morningstar       |       |    73 |   239 |       ||   312
       War axe           |       |       |   100 |   101 ||   201
Invok: Berserk           |       |     2 |       |     1 ||     3
Evoke: Wand              |       |       |     1 |       ||     1
  Use: Scroll            |     3 |     7 |     8 |     2 ||    20
       Potion            |       |       |       |     2 ||     2
Armor: Animal skin       |     4 |       |       |       ||     4
       Ring mail         |    18 |     8 |       |       ||    26
       Chain mail        |       |    55 |   165 |       ||   220
       Plate armour      |       |       |    20 |    60 ||    80
Dodge: Dodged            |    47 |    82 |   189 |    85 ||   403

Table legend: (Time is in decaauts)
 A = Elapsed time spent in this place.
 B = Non-inter-level travel time spent in this place.
 C = Inter-level travel time spent in this place.
 D = Time resting spent in this place.
 E = Time spent auto-exploring this place.
 F = Levels seen in this place.
 G = Mean time per level.
                   A        B        C        D        E       F      G
               +--------+--------+--------+--------+--------+-----+--------+
         Total |  11718 |  11718 |      0 |      0 |   7241 |  11 | 1065.3 |
       Dungeon |  10253 |  10253 |      0 |      0 |   7241 |   9 | 1139.2 |
         Sewer |    727 |    727 |      0 |      0 |      0 |   1 |  727.0 |
       Ossuary |    738 |    738 |      0 |      0 |      0 |   1 |  738.0 |
               +--------+--------+--------+--------+--------+-----+--------+

Top non-repeatable levels by time:
     D:8: 2225 daAuts
     D:6: 1592 daAuts
     D:3: 1220 daAuts
     D:7: 1216 daAuts
     D:4: 1177 daAuts
     D:5: 990 daAuts
     D:1: 949 daAuts
 Ossuary: 738 daAuts
   Sewer: 727 daAuts
     D:2: 472 daAuts
     D:9: 409 daAuts
